 Dungeon Crawl Stone Soup version bcrawl-1.36 (webtiles) character file.

Game seed: 12661406483309286320

121803 Morbidden the Sneak (level 3, -1/20 HPs)
             Began as a Skeleton Archaeologist on Apr 23, 2022.
             Slain by a goblin
             ... wielding a +0 dagger
             ... led by Robin
              (3 damage)
             ... on level 2 of the Dungeon.
             The game lasted 00:01:59 (1169 turns).

Morbidden the Sneak (Skeleton Archaeologist)        Turns: 1169, Time: 00:01:59

Health: -1/20      AC:  6    Str: 15 (17) XL:     3   Next: 37%
Magic:  0/4        EV: 12    Int: 12 (13) God:
Gold:   80         SH:  0    Dex:  6 (7)  Spells: 4/4 levels left

rFire    . . .     SeeInvis .   a - +0 short sword
rCold    + . .     Gourm    .   (no shield)
rNeg     + + +     Faith    .   c - +1 robe
rPois    ∞         Spirit   +   d - +1 hat
rElec    .         Reflect  .   (no cloak)
rCorr    .                      (no gloves)
MR       .....                  e - +1 pair of boots
Stlth    ++........             (no amulet)
HPRegen  0.06/turn              (no ring)
MPRegen  0.09/turn              (no ring)

@: no status effects
A: no food or potions, cold resistance 1, deterioration 1, negative energy
resistance 3, torment resistance, unbreathing, magic shield, sturdy frame 1,
spell healing
a: no special abilities


You were on level 2 of the Dungeon.
You were not hungry.

You visited 1 branch of the dungeon, and saw 2 of its levels.

You collected 80 gold pieces.

Inventory:

Hand Weapons
 a - a +0 short sword (weapon)
 b - a +0 blowgun
Missiles
 f - 6 curare-tipped needles
Armour
 c - a +1 robe (worn)
 d - a +1 hat (worn)
 e - a +1 pair of boots (worn)
Jewellery
 m - a cursed ring of fire
Scrolls
 g - a scroll of magic mapping
 i - a scroll of identify
 j - a scroll of immolation {unknown}
 k - 4 scrolls of teleportation
 l - a scroll of remove curse {unknown}
 n - a scroll of enchant armour {unknown}
Miscellaneous
 h - a dusty tome


   Skills:
 * Level 1.3 Fighting
 * Level 1.5 Short Blades
   Level 1.2 Maces & Flails
 * Level 3.7 Dodging
 + Level 3.8 Stealth
 * Level 1.0 Spellcasting


You had 4 spell levels left.
You didn't know any spells.
Your spell library was empty.

Dungeon Overview and Level Annotations

Branches:
Dungeon (2/12)

Altars:

Annotations:
D:2 Robin


Innate Abilities, Weirdness & Mutations

You do not eat or drink.
You are immune to poison.
Your flesh is cold resistant. (rC+)
Your body sometimes deteriorates upon taking damage.
You are immune to negative energy. (rN+++)
You are immune to unholy pain and torment.
You can survive without breathing.
When hurt, damage is shared between your health and your magic reserves.
Your movements are slightly less encumbered by armour. (ER -2)
Casting spells heals you.


Message History

You hear a shout! x2
You closely miss the goblin. The jackal bites you.
The jackal bites you but does no damage.
The goblin hits you with a +0 dagger.
* * * LOW HITPOINT WARNING * * *
Your body deteriorates!
You feel clumsy.
You hit the goblin.
The goblin is heavily wounded.
The jackal bites you.
* * * LOW HITPOINT WARNING * * *
The goblin closely misses you.
No path to travel!
No path to travel!
You can't drink.
Unknown command.
You barely miss the goblin.
The goblin is heavily wounded.
The jackal bites you but does no damage.
The goblin hits you with a +0 dagger.
You die...

#............#
..#####.######
. #.# #.# #.#
#.## #..# ##g#
#@# #h# #.hg#
###hh


#ggg .gg## .!.. .... ...... You could see Robin, 4 jackals, a hobgoblin and 4
goblins.

Vanquished Creatures
  2 oozes (D:1)
  2 goblins (D:1)
  2 hobgoblins
  9 jackals (D:1)
  6 kobolds (D:1)
  6 bats (D:1)
  3 frilled lizards (D:1)
  3 rats (D:1)
33 creatures vanquished.

Notes
Turn   | Place    | Note
-------+----------+-------------------------------------------
     0 | D:1      | Morbidden the Skeleton Archaeologist began the quest for
                  | the Orb.
     0 | D:1      | Reached XP level 1. HP: 12/12 MP: 1/1
   183 | D:1      | Reached XP level 2. HP: 16/16 MP: 2/2
   427 | D:1      | Reached skill level 1 in Spellcasting
   554 | D:1      | Reached skill level 1 in Short Blades
   571 | D:1      | Reached XP level 3. HP: 7/20 MP: 4/4
  1160 | D:2      | Noticed Robin
  1169 | D:2      | Slain by a goblin

Skill      XL: |  1  2 |
---------------+-------+-----
Spellcasting   | 1 |  1.0
Short Blades   | 1 |  1.5
Fighting       | |  1.3
Maces & Flails | |  1.2
Dodging        | |  3.7
Stealth        | |  3.8

Action                   || total
-------------------------++-------
Melee: Whip              ||    10
       Short sword       ||   160
  Use: Scroll            ||     3
 Stab: Sleeping          ||     2
Armor: Robe              ||    92
Dodge: Dodged            ||   151
